 Dungeon Crawl Stone Soup version 0.27.1-35-g4d5d836560 (console) character file.

Game seed: 2516637469839848891

57 Faeu the Ogre Mage (level 4, -3/41 HPs)
             Began as an Ogre Fire Elementalist on May 11, 2022.
             Slain by a gnoll (7 damage)
             ... on level 2 of the Dungeon.
             The game lasted 00:13:46 (2079 turns).

Faeu the Ogre Mage (Ogre Fire Elementalist)         Turns: 2079, Time: 00:13:47

Health: -3/41      AC:  3    Str: 12    XL:     4   Next: 0%
Magic:  8/8        EV: 10    Int: 16    God:
Gold:   38         SH:  0    Dex: 10    Spells: 8/9 levels left

rFire    . . .     SeeInvis .   g - +0 club {mace}
rCold    . . .     Faith    .   (no shield)
rNeg     . . .     Spirit   .   a - +0 robe
rPois    .         Reflect  .   (helmet restricted)
rElec    .         Harm     .   (no cloak)
rCorr    .         Rampage  .   (gloves unavailable)
Will     .....                  (boots unavailable)
Stlth    ++........             (no amulet)
HPRegen  0.13/turn              (no ring)
MPRegen  0.11/turn              (no ring)

@: brilliant
A: large, unfitting armour, tough skin 1
a: no special abilities


You were on level 2 of the Dungeon.
You visited 1 branch of the dungeon, and saw 2 of its levels.

You collected 38 gold pieces.


Innate Abilities, Weirdness & Mutations

You are too large for most types of armour.
You have tough skin. (AC +1)


   Skills:
 + Level 1.3 Fighting
 + Level 2.1 Dodging
 + Level 1.8 Stealth
 - Level 0.1 Unarmed Combat
 + Level 3.2 Spellcasting
 - Level 0.8 Conjurations
 + Level 3.1 Fire Magic


You had 8 spell levels left.
You knew the following spells:

 Your Spells              Type           Power      Damage    Failure   Level
a - Foxfire               Conj/Fire      52%        2x1d6     9%          1

Your spell library contained the following spells:

 Spells                   Type           Power      Damage    Failure   Level
 Conjure Flame            Conj/Fire      13%        6-21      24%         3
 Inner Flame              Hex/Fire       11%        N/A       28%         3
 Sticky Flame             Conj/Fire      13%        2d4       63%         4
 Fireball                 Conj/Fire      6%         3d5       92%         5

Inventory:

Hand Weapons
 d - a +0 dagger {short}
   (You took it off a goblin on level 1 of the Dungeon)
 g - a +0 club (weapon) {mace}
   (You took it off a goblin on level 1 of the Dungeon)
Missiles
 c - 15 sling bullets
 h - 24 stones {throwing}
 i - 25 poisoned darts {throwing}
 k - 22 arrows
Armour
 a - a +0 robe (worn)
Scrolls
 j - a scroll of vulnerability {!r!r}
 l - a scroll of teleportation {unknown}

Dungeon Overview and Level Annotations

Branches:
Dungeon (2/15)

Altars:

####################
#..................##
#.################..#
####.# ##.# #....# #.#
#....# #.# #...## #.# #
#...# #######.# # #...#
#.......# #
#...############.#######
#
#...#....@gg...#.#......
#
#...########.###.#g....#
# #...# #.....#g...... #
#...# #g#####g....... #
#...# #.. ......... #
######...# #..g
......... .......#...#
#.... ..... ########...#
#.##.. .... # #...#
#.##... # #...# #... ...
###### #...########...


You could see 2 gnolls.


Message History

The gnoll closely misses you. 😕 HP[-4]
You take 4 damage, and now have 29/33 hp.
You hit the gnoll. The gnoll hits you with a +0 club. The gnoll misses you.
The gnoll closely misses you. 😕 HP[-1]
You take 1 damage, and now have 28/33 hp.
You hit the gnoll. The gnoll barely misses you.
Your magical contamination has completely faded away.
You hit the gnoll. You hit the gnoll but do no damage.
The gnoll closely misses you. 😕 MP[+1]
Your mp is fully restored (7).
You hit the gnoll.
The gnoll hits you from afar with a +0 spear.
The gnoll closely misses you.
The gnoll hits you but does no damage. 😮 HP[-4]
You take 4 damage, and now have 24/33 hp.
You hit the gnoll but do no damage.
The gnoll hits you with a +0 club. x2 😮 HP[-4]
You take 4 damage, and now have 20/33 hp.
You hit the gnoll. The gnoll closely misses you.
You hit the gnoll. The gnoll closely misses you.
You closely miss the gnoll. The gnoll barely misses you.
You hit the gnoll but do no damage. The gnoll hits you with a +0 club. x2
* * * LOW HITPOINT WARNING * * *
😨 HP[-8]
You take 8 damage, and now have 12/33 hp.
MASSIVE DAMAGE!! (PAUSE)
You are too injured to fight recklessly!
As you read the scroll labelled IMMEDO NEBB, it crumbles to dust.
It is a scroll of identify.
j - a scroll of vulnerability The gnoll hits you with a +0 club.
* * * LOW HITPOINT WARNING * * *
😨 HP[-2]
You take 2 damage, and now have 10/33 hp.
It was a potion of ambrosia.
You are confused.
You feel invigorated. The gnoll closely misses you. 😨 HP[+6]
You regained 6 hp, and now have 16/33 hp.
You miss the gnoll. The gnoll barely misses you. 😮 HP[+3]
You regained 3 hp, and now have 19/33 hp.
You barely miss the gnoll. The gnoll closely misses you. 😕 HP[+7]
You regained 7 hp, and now have 26/33 hp.
You bump into the rock wall.
The gnoll hits you with a +0 club. 😕 HP[-1]
You take 1 damage, and now have 25/33 hp.
You barely miss the gnoll.
The gnoll hits you with a +0 club. x2 😮 HP[-1]
You take 1 damage, and now have 24/33 hp.
You hit the gnoll.
You feel less invigorated.
You feel less confused. The gnoll barely misses you. 😕 HP[+5]
You regained 5 hp, and now have 29/33 hp.
It was a potion of brilliance.
You feel clever all of a sudden.
The gnoll hits you with a +0 club. 😮 HP[-5]
You take 5 damage, and now have 24/33 hp.
You closely miss the gnoll. The gnoll hits you but does no damage.
You closely miss the gnoll. The gnoll hits you with a +0 club.
The gnoll barely misses you. 😮 HP[-4]
You take 4 damage, and now have 20/33 hp.
You hit the gnoll. The gnoll hits you with a +0 club!
* * * LOW HITPOINT WARNING * * *
😨 HP[-8]
You take 8 damage, and now have 12/33 hp.
MASSIVE DAMAGE!! (PAUSE)
You are too injured to fight recklessly!
You hit the gnoll.
You kill the gnoll!
You have reached level 4! 😨 HP[+3] MP[+1]
You now have 41 max hp (+8).
You regained 3 hp, and now have 15/41 hp.
Your mp is fully restored (8).
You hit the gnoll. The gnoll barely misses you.
The gnoll hits you from afar with a +0 spear.
* * * LOW HITPOINT WARNING * * *
😨 HP[-2]
You take 2 damage, and now have 13/41 hp.
You hit the gnoll.
The gnoll drinks a potion.
The gnoll is healed!
The gnoll hits you from afar with a +0 spear!
* * * LOW HITPOINT WARNING * * *
The gnoll hits you with a +0 club.
* * * LOW HITPOINT WARNING * * *
😱 HP[-9]
You take 9 damage, and now have 4/41 hp.
MASSIVE DAMAGE!! (PAUSE)
You hit the gnoll but do no damage. The gnoll closely misses you.
The gnoll hits you with a +0 club!
You die...

Skill      XL: |  1  2  3 |
---------------+----------+-----
Fire Magic     | 3 |  3.1
Spellcasting   | 3 |  3.2
Dodging        | 2 |  2.1
Fighting       | 1 |  1.3
Stealth        | |  1.8
Unarmed Combat | |  0.1
Conjurations   | |  0.8

Action                   |  1- 3 |  4- 6 || total
-------------------------+-------+-------++-------
Melee: Unarmed           |    60 |       ||    60
       Club              |    69 |     3 ||    72
 Cast: Foxfire           |    34 |       ||    34
  Use: Potion            |     3 |       ||     3
       Scroll            |     2 |       ||     2
 Stab: Sleeping          |     3 |       ||     3
Armor: Robe              |    52 |       ||    52
       Skin              |     4 |       ||     4
Dodge: Dodged            |    87 |     2 ||    89

Levels and vault maps discovered:
D:1:      dpeg_arrival_rooms_a, layout_loops_cross, grunt_decor_arrowhead,
          kennysheep_minor_cross
D:2:      layout_basic, serial_co_window_serial, co_window_corner_a,
          co_window_of_opportunity_a, co_window_paths_b, co_window_corner_a,
          co_window_paths_a, co_window_broadway_b, co_window_corner_b,
          co_window_unsneaky_path_a, co_window_unsneaky_path_c,
          co_window_corner_cb, co_window_broadway_c, co_window_unsneaky_path_a,
          glass_columns_b, glass_columns_c

Notes
Turn   | Place    | Note
-------+----------+-------------------------------------------
     0 | D:1      | Faeu the Ogre Fire Elementalist began the quest for the
                  | Orb.
     0 | D:1      | Reached XP level 1. HP: 16/16 MP: 3/3
     0 | D:1      | magus.rc [v1.9.6]
    57 | D:1      | HP: 4/16 [quokka (1)]
   416 | D:1      | Reached skill level 3 in Fire Magic
   416 | D:1      | Reached XP level 2. HP: 23/24 MP: 2/5
   518 | D:1      | HP: 2/24 [frozen (5)]
   545 | D:1      | HP: 4/24 [endoplasm (1)]
   552 | D:1      | Reached skill level 3 in Spellcasting
  1164 | D:1      | Reached XP level 3. HP: 32/32 MP: 5/7
  1185 | D:1      | Reached skill level 2 in Dodging
  1317 | D:1      | Reached skill level 1 in Fighting
  2077 | D:2      | Reached XP level 4. HP: 15/41 MP: 8/8
  2078 | D:2      | HP: 6/41 [gnoll (7)]
  2079 | D:2      | Slain by a gnoll

Vanquished Creatures
  A gnoll (D:2)
  3 dart slugs (D:1)
  3 bats (D:1)
  6 endoplasms (D:1)
  A giant cockroach (D:2)
  5 goblins
  3 hobgoblins (D:1)
  6 jackals
  2 quokkas (D:1)
  2 ball pythons (D:1)
  A frilled lizard (D:1)
  2 rats
35 creatures vanquished.

Vanquished Creatures (others)
  48 foxfires
48 creatures vanquished.

Grand Total: 83 creatures vanquished

Table legend:
 A = Non-vault XP
 B = Vault XP
 C = Vault XP percentage of total XP
 D = Non-vault monster count
 E = Vault monster count
 F = Vault count percentage of total count
                 A         B        C        D         E       F
            +---------+---------+-------+---------+---------+-------
      Total |      82 |       0 |   0.0 |      35 |       0 |   0.0
            +---------+---------+-------+---------+---------+-------
        D:1 |      56 |       0 |   0.0 |      28 |       0 |   0.0
        D:2 |      26 |       0 |   0.0 |       7 |       0 |   0.0
            +---------+---------+-------+---------+---------+-------

Illustrated notes

Table legend:
 A = Kills in this place as a percentage of kills in entire the game.
 B = Kills by you in this place as a percentage of kills by you in the entire game.
 C = Kills by friends in this place as a percentage of kills by friends in the entire game.
 D = Other kills in this place as a percentage of other kills in the entire game.
 E = Experience gained in this place as a percentage of experience gained in the entire game.
 F = Experience gained in this place divided by the number of levels of this place that you have seen.
                   A       B       C       D       E      F
               +-------+-------+-------+-------+-------+----------------------
         Total | 100.0 | 100.0 |   N/A |   N/A | 100.0 |  41.0
       Dungeon | 100.0 | 100.0 |   N/A |   N/A | 100.0 |  41.0
               +-------+-------+-------+-------+-------+----------------------

Table legend: (Time is in decaauts)
 A = Elapsed time spent in this place.
 B = Non-inter-level travel time spent in this place.
 C = Inter-level travel time spent in this place.
 D = Time resting spent in this place.
 E = Time spent auto-exploring this place.
 F = Levels seen in this place.
 G = Mean time per level.
                   A        B        C        D        E       F      G
               +--------+--------+--------+--------+--------+-----+--------+
         Total |   2099 |   2085 |     14 |    578 |    534 |   2 | 1049.5 |
       Dungeon |   2099 |   2085 |     14 |    578 |    534 |   2 | 1049.5 |
               +--------+--------+--------+--------+--------+-----+--------+

Top non-repeatable levels by time:
     D:1: 1834 daAuts
     D:2: 265 daAuts
